 Dungeon Crawl Stone Soup version 0.30-a0-52-g86a8295270 (webtiles) character file.

Game seed: 17222111267492673380

35 coolguy4201 the Conjurer (level 3, 0/19 HPs)
             Began as a Deep Elf Conjurer on Sept 6, 2022.
             Slain by a hobgoblin (1 damage)
             ... on level 2 of the Dungeon.
             The game lasted 00:02:08 (1195 turns).

coolguy4201 the Conjurer (Deep Elf Conjurer)        Turns: 1195, Time: 00:02:09

Health: 0/19       AC:  2    Str:  4    XL:     3   Next: 16%
Magic:  0/10       EV: 12    Int: 24    God:
Gold:   108        SH:  0    Dex: 13    Spells: 8/9 levels left

rFire   . . .      SeeInvis .    (no weapon)
rCold   . . .      Faith    .    (no shield)
rNeg    . . .      Spirit   .    a - +0 robe
rPois   .          Reflect  .    (no helmet)
rElec   .          Harm     .    (no cloak)
rCorr   .          Rampage  .    (no gloves)
Will    .....                    (no boots)
Stlth   ++........               (no amulet)
HPRegen 0.06/turn                (no ring)
MPRegen 0.12/turn                (no ring)

@: no status effects
A: no striking features
a: no special abilities


You were on level 2 of the Dungeon.
You visited 1 branch of the dungeon, and saw 2 of its levels.

You collected 108 gold pieces.

Inventory:

Armour
 a - a +0 robe (worn)
Jewellery
 m - a +6 ring of intelligence
Scrolls
 c - a scroll of poison {unknown}
 e - a scroll of identify {unknown}
 f - a scroll of blinking {unknown}
 j - a scroll of teleportation {unknown}
Potions
 b - a potion of magic
 d - 2 potions of brilliance {unknown}
 g - a potion of resistance {unknown}
 h - a potion of berserk rage {unknown}
 i - a potion of ambrosia {unknown}
 k - 4 potions of curing {unknown}
 l - a potion of heal wounds {unknown}


   Skills:
 + Level 2.6 Dodging
 + Level 2.7 Stealth
 + Level 3.6 Spellcasting
 + Level 5.0 Conjurations


You had 8 spell levels left.
You knew the following spells:

 Your Spells              Type           Power      Damage    Failure   Level
a - Magic Dart            Conj           100%       1d8       1%          1

Your spell library contained the following spells:

 Spells                   Type           Power      Damage    Failure   Level
 Searing Ray              Conj           56%        2d6       1%          2
 Dazzling Flash           Conj/Hex       32%        N/A       11%         3
 Fulminant Prism          Conj/Hex       8%         3d7       34%         4
 Iskenderun's Mystic Bla  Conj/Tloc      16%        2d5       34%         4


Dungeon Overview and Level Annotations

Branches:
Dungeon (2/15)

Altars:


Message History

The magic dart hits the giant cockroach!
You kill the giant cockroach!
The endoplasm attacks as you move away! The endoplasm closely misses you.
The endoplasm freezes you.
You are frozen.
The endoplasm attacks as you move away! The endoplasm hits you.
The endoplasm attacks as you move away! The endoplasm barely misses you.
The magic dart hits the endoplasm!
You kill the endoplasm!
The rat attacks as you move away! The rat misses you.
Found 12 gold pieces.
The magic dart hits the rat.
You kill the rat!
The hobgoblin attacks as you move away! The hobgoblin closely misses you.
The hobgoblin attacks as you move away! The hobgoblin hits you.
The magic dart hits the hobgoblin but does no damage.
The hobgoblin hits you. The hobgoblin hits you.
The hobgoblin attacks as you move away! The hobgoblin hits you.
* * * LOW HITPOINT WARNING * * *
The hobgoblin attacks as you move away! The hobgoblin closely misses you.
The hobgoblin misses you.
You are too injured to fight recklessly!
Casting: Magic Dart (safe; 1% risk of failure)
Confirm with . or Enter, or press ? or * to list all spells.
You don't know that spell.
Casting: Magic Dart (safe; 1% risk of failure)
Confirm with . or Enter, or press ? or * to list all spells.
Aiming: Magic Dart (safe; 1% risk of failure)
Press: ? - help, Shift-Dir - straight line, f/p - hobgoblin
Aim: a hobgoblin (100% to hit)
The magic dart hits the hobgoblin.
The hobgoblin is moderately wounded.
The hobgoblin barely misses you. The hobgoblin attacks as you move away!
The hobgoblin misses you. The hobgoblin attacks as you move away!
The hobgoblin hits you.
* * * LOW HITPOINT WARNING * * *
The hobgoblin attacks as you move away! The hobgoblin closely misses you.
The hobgoblin barely misses you. The hobgoblin attacks as you move away!
The hobgoblin hits you.
You die...

###### # #....## .#
#)#...####.# #..........#
###....#..### #......#....#
.# #####.##...#.##.## ...
#.g...##...#.##... #.##
#@######...#...†## #...
#.#### #...#.##.# #..##
#....# #...#.##.#
#...#####.####...###..#
#..####.....#####..##
#######....##.#.#.####..##
.........#..#...#.#....##
.........##...........######
.........#######....#...†g..


You could see a hobgoblin.

Vanquished Creatures
  An adder (D:2)
  5 ball pythons
  2 endoplasms
  4 giant cockroaches
  A goblin (D:1)
  A quokka (D:1)
  A bat (D:2)
  4 frilled lizards (D:1)
  5 kobolds
  3 rats
27 creatures vanquished.

Notes
Turn   | Place    | Note
-------+----------+-------------------------------------------
     0 | D:1      | coolguy4201 the Deep Elf Conjurer began the quest for the
                  | Orb.
     0 | D:1      | Reached XP level 1. HP: 10/10 MP: 6/6
    46 | D:1      | Found a faded altar of an unknown god.
   209 | D:1      | Reached XP level 2. HP: 15/15 MP: 4/8
  1142 | D:2      | Reached skill level 5 in Conjurations
  1142 | D:2      | Reached XP level 3. HP: 19/19 MP: 6/10
  1195 | D:2      | Slain by a hobgoblin

Illustrated notes

Levels and vault maps discovered:
D:1:      giann_horns, layout_basic, hellmonk_ecumenical_altar_lost_god
D:2:      layout_basic

Skill      XL: |  1  2 |
---------------+-------+-----
Conjurations   | 5 |  5.0
Dodging        | |  2.6
Stealth        | |  2.7
Spellcasting   | |  3.6

Action                   || total
-------------------------++-------
 Cast: Magic Dart        ||    54
Armor: Robe              ||     4
Dodge: Dodged            ||    26

Table legend: (Time is in decaauts)
 A = Elapsed time spent in this place.
 B = Non-inter-level travel time spent in this place.
 C = Inter-level travel time spent in this place.
 D = Time resting spent in this place.
 E = Time spent auto-exploring this place.
 F = Levels seen in this place.
 G = Mean time per level.
                   A        B        C        D        E       F      G
               +--------+--------+--------+--------+--------+-----+--------+
         Total |   1194 |   1175 |     19 |      0 |   1034 |   2 |  597.0 |
       Dungeon |   1194 |   1175 |     19 |      0 |   1034 |   2 |  597.0 |
               +--------+--------+--------+--------+--------+-----+--------+

Top non-repeatable levels by time:
     D:1: 967 daAuts
     D:2: 227 daAuts
